AoeStats
← zonk the cake

Arena

510722341Analyzed
4v4 RM · 14h ago on Oct 2, 2026· 45m 1s· 8 players
Game mode
Random Map
Map size
Large (8 player)
Population
200
Speed
Normal
Resources
Standard
Victory
Conquest
Starting age
Dark Age
Ending age
Imperial Age
RankedLock teamsTeams togetherTeam positionsShared explorationLock speedFull tech treeHidden civsTurbo modeCheats
Victory
Defeat
🇫🇷 Portuguese · France
1104
+15
🇲🇽 Turks · Mexico
1065
+16
🇨🇳 Tatars · China
1051
+17
🇩🇪 Hindustanis · Germany
1049
+17
🇮🇳 Saracens · India
1110
-18
🇮🇳 Italians · India
1107
-17
🇦🇺 Danes · Australia
1042
-15
🇦🇺 Varangians · Australia
1042
-15
Donald Trump
13:56 Feudal Age
15:34 Wheelbarrow
15:30 Double-Bit Axe
17:56 Castle Age
22:01 Imperial Age
32:03 Chemistry
33:57 Bombard Tower
35:14 Loom
35:16 Town Watch
44:54 Fletching
45:27 Bodkin Arrow
Henri
10:54 Feudal Age
11:34 Loom
14:57 Castle Age
14:15 Double-Bit Axe
21:22 Town Watch
22:13 Wheelbarrow
28:45 Imperial Age
26:34 Hand Cart
28:18 Stone Mining
28:18 Gold Mining
28:25 Gold Mining
28:48 Bow Saw
29:01 Ballistics
29:14 Padded Archer Armor
29:04 Fletching
30:07 Bodkin Arrow
30:28 Leather Archer Armor
31:17 Chemistry
31:05 Bracer
31:11 Horse Collar
32:11 Gold Shaft Mining
32:14 Stone Shaft Mining
32:15 Ring Archer Armor
32:25 Scale Barding Armor
32:30 Forging
32:43 Heavy Camel Rider
33:34 Bloodlines
33:26 Husbandry
34:38 Chain Barding Armor
34:53 Iron Casting
35:04 Imperial Camel Rider
36:40 Conscription
37:12 Plate Barding Armor
38:12 Shatagni
40:44 Elite Ghulam
42:33 Blast Furnace
41:33 Scale Mail Armor
68877168
10:24 Feudal Age
13:58 Castle Age
12:54 Double-Bit Axe
15:00 Loom
15:29 Bow Saw
17:32 Horse Collar
19:31 Heavy Plow
24:42 Fletching
24:53 Padded Archer Armor
26:22 Gold Mining
26:23 Stone Mining
26:46 Padded Archer Armor
28:52 Wheelbarrow
32:02 Imperial Age
29:49 Bloodlines
29:41 Husbandry
29:39 Bodkin Arrow
29:59 Leather Archer Armor
31:27 Hand Cart
31:37 Ballistics
30:58 Treadmill Crane
31:29 Masonry
31:15 Murder Holes
33:33 Conscription
32:49 Heavy Cavalry Archer
35:06 Chemistry
34:18 Siege Engineers
33:55 Light Cavalry
33:55 Cavalier
34:44 Bracer
35:14 Ring Archer Armor
JustHomelander
8:56 Loom
10:41 Feudal Age
12:21 Double-Bit Axe
14:58 Castle Age
16:08 Husbandry
18:12 Bloodlines
19:15 Wheelbarrow
23:08 Forging
23:03 Scale Barding Armor
26:39 Scale Barding Armor
33:46 Imperial Age
32:13 Hand Cart
31:42 Horse Collar
32:13 Bow Saw
31:56 Gold Mining
33:33 Iron Casting
33:18 Chain Barding Armor
34:05 Heavy Camel Rider
35:49 Blast Furnace
35:24 Plate Barding Armor
36:23 Two-Man Saw
36:05 Masonry
35:39 Treadmill Crane
37:58 Conscription
39:06 Heavy Plow
39:18 Town Watch
39:37 Fletching
40:18 Town Patrol
40:44 Caravan
42:16 Architecture
41:55 Scale Mail Armor
41:52 Bodkin Arrow
42:50 Ballistics
42:25 Murder Holes
43:10 Hoardings
42:08 Cavalier
hmscsna
3:22 Loom
11:34 Feudal Age
15:40 Castle Age
18:12 Fletching
18:53 Bodkin Arrow
23:30 Wheelbarrow
24:00 Double-Bit Axe
24:40 Horse Collar
26:19 Hand Cart
32:17 Imperial Age
30:36 Gold Mining
33:02 Forging
32:58 Scale Barding Armor
33:05 Bloodlines
32:56 Husbandry
34:25 Iron Casting
33:12 Heavy Camel Rider
34:56 Counterweights
35:37 Fortified Wall
36:06 Conscription
35:53 Heavy Plow
38:44 Blast Furnace
41:54 Light Cavalry
43:43 Hussar
olais
11:08 Feudal Age
15:54 Castle Age
14:16 Horse Collar
14:28 Double-Bit Axe
15:40 Stone Mining
16:06 Gold Mining
17:27 Wheelbarrow
18:12 Fervor
19:41 Fletching
19:52 Padded Archer Armor
20:21 Bow Saw
21:13 Heavy Plow
21:40 Bodkin Arrow
32:16 Imperial Age
30:55 Loom
31:52 Fortified Wall
32:59 Leather Archer Armor
32:54 Forging
32:50 Scale Barding Armor
34:38 Chemistry
33:59 Ballistics
33:01 Elite Genoese Crossbowman
34:02 Conscription
33:37 Town Watch
34:19 Scale Mail Armor
34:20 Bracer
34:51 Ring Archer Armor
35:23 Stone Shaft Mining
35:02 Squires
35:39 Iron Casting
34:27 Light Cavalry
35:18 Bloodlines
35:08 Husbandry
36:32 Two-Man Saw
37:10 Chain Mail Armor
38:32 Hand Cart
38:17 Town Patrol
38:24 Arson
40:44 Blast Furnace
Themot
0:29 Loom
12:21 Feudal Age
13:58 Horse Collar
16:45 Castle Age
18:20 Heavy Plow
19:00 Double-Bit Axe
25:52 Gold Mining
25:54 Stone Mining
27:46 Bow Saw
27:49 Gambesons
28:05 Squires
27:51 Arson
30:31 Scale Mail Armor
30:41 Forging
30:08 Hamask
31:27 Chain Mail Armor
35:10 Gold Shaft Mining
38:09 Imperial Age
36:17 Wheelbarrow
36:32 Caravan
39:19 Conscription
38:33 Elite Varangian Guard
40:18 Plate Mail Armor
40:23 Iron Casting
zonk the cake
11:25 Feudal Age
15:40 Castle Age
13:56 Horse Collar
14:12 Double-Bit Axe
14:27 Loom
17:14 Bow Saw
22:50 Wheelbarrow
24:24 Gold Mining
24:57 Heavy Plow
26:44 Hand Cart
28:09 Bloodlines
27:59 Husbandry
28:16 Forging
28:11 Scale Barding Armor
28:30 Vendel Legacy
34:22 Imperial Age
35:20 Iron Casting
35:06 Chain Barding Armor
35:28 Conscription
34:57 Cavalier
Connection lost

Rejoining the realm…

Still unreachable

The connection could not be restored.

Session expired

The server has moved on; the page needs a fresh start.